 Dungeon Crawl Stone Soup version 0.26.1-11-gd32895ea62 (webtiles) character file.

Game seed: 9591933953472331819

182 Felido the Ducker (level 5, -1/32 HPs)
             Began as a Deep Elf Monk on June 27, 2021.
             Slain by Sigmund
             ... wielding a +0 scythe of venom
              (4 damage)
             ... on level 3 of the Dungeon.
             The game lasted 00:06:21 (3843 turns).

Felido the Ducker (Deep Elf Monk)                   Turns: 3843, Time: 00:06:22

Health: -1/32      AC:  5    Str:  8    XL:     5   Next: 34%
Magic:  7/7        EV: 14    Int: 22    God:
Gold:   131        SH:  0    Dex: 17    Spells: 4/4 levels left

rFire    . . .     SeeInvis .   a - +1 falchion
rCold    . . .     Faith    .   (no shield)
rNeg     . . .     Spirit   .   e - +2 leather armour
rPois    .         Reflect  .   (no helmet)
rElec    .         Harm     .   (no cloak)
rCorr    .         Rampage  .   (no gloves)
Will     .....                  (no boots)
Stlth    ++........             (no amulet)
HPRegen  0.10/turn              j - +6 ring of intelligence
MPRegen  0.10/turn              (no ring)

@: no status effects
A: no striking features
a: no special abilities


You were on level 3 of the Dungeon.
You visited 1 branch of the dungeon, and saw 3 of its levels.

You collected 131 gold pieces.

Inventory:

Hand Weapons
 a - a +1 falchion (weapon)
Armour
 b - a +0 robe
 e - a +2 leather armour (worn)
Jewellery
 j - a +6 ring of intelligence (left hand)
Scrolls
 i - a scroll of remove curse {unknown}
 m - a scroll of immolation {unknown}
 o - a scroll of fog
Potions
 d - a potion of berserk rage
 f - a potion of brilliance
 k - a potion of flight {unknown}
 l - a potion of resistance {unknown}


   Skills:
 + Level 3.0 Fighting
 + Level 4.1 Long Blades
 + Level 1.3 Armour
 + Level 4.3 Dodging
 + Level 3.3 Stealth


You had 4 spell levels left.
You didn't know any spells.
Your spell library was empty.

Dungeon Overview and Level Annotations

Branches:
Dungeon (3/15)

Altars:

Annotations:
D:3 Sigmund


Message History

* * * LOW HITPOINT WARNING * * *
You feel better.
You hit Sigmund but do no damage.
Sigmund points at you and mumbles some strange words.
The magic dart hits you! The worm completely misses you.
You closely miss Sigmund. Sigmund closely misses you.
You riposte.
You hit Sigmund.
Sigmund is lightly wounded.
The worm closely misses you.
You barely miss Sigmund.
Sigmund is lightly wounded.
Sigmund gestures at you while chanting. The puff of flame hits you!
* * * LOW HITPOINT WARNING * * *
The worm misses you.
You hit Sigmund.
Sigmund is lightly wounded.
Sigmund barely misses you.
Sigmund hits you from afar with a +0 scythe of venom.
You die...

[.. #.# ... .... #.#
... ....#######.# #.#
.........# #.##.#
#........####.#.#
#........÷..(.).# ##
#..............##.####
..+#...$..###÷.÷#.....#
#.....#.##.#w@.....#
######.....#.#)....#
####+#(..@.).))..#
#......#.#.#.....#
#$..........#'#.##
#..........<.....#
#.../.........##...
#......#.#.......#..
#......#.#.############


You could see Sigmund and a worm.

Vanquished Creatures
  Jessica (D:3)
  Terence (D:3)
  6 adders
  2 worms (D:2)
  3 dart slugs
  2 leopard geckos
  An orc (D:3)
  6 bats
  7 giant cockroaches
  7 goblins
  8 hobgoblins
  4 jackals (D:3)
  A quokka (D:3)
  A ball python (D:2)
  5 frilled lizards
  3 kobolds
  12 rats
70 creatures vanquished.

Notes
Turn   | Place    | Note
-------+----------+-------------------------------------------
     0 | D:1      | Felido the Deep Elf Monk began the quest for the Orb.
     0 | D:1      | Reached XP level 1. HP: 13/13 MP: 3/3
   318 | D:1      | Reached XP level 2. HP: 16/18 MP: 4/4
  1260 | D:2      | Reached XP level 3. HP: 9/22 MP: 5/5
  2160 | D:2      | Reached XP level 4. HP: 22/27 MP: 6/6
  3239 | D:3      | Noticed Terence
  3252 | D:3      | Killed Terence
  3430 | D:3      | Reached skill level 1 in Armour
  3431 | D:3      | Noticed Jessica
  3462 | D:3      | Reached XP level 5. HP: 16/32 MP: 7/7
  3474 | D:3      | Noticed Sigmund
  3484 | D:3      | Killed Jessica
  3843 | D:3      | Slain by Sigmund

Illustrated notes

Levels and vault maps discovered:
D:1:      lightli_arrival_windingriver, layout_rooms
D:2:      minmay_recursive_quarters, layout_basic
D:3:      layout_basic, pdpol_wu_jian_five_deadly_venoms,
          chequers_temple_overflow_statue_of_worship,
          chequers_serial_rivers_room_a, minmay_stone_trees_large,
          chequers_serial_rivers_micro_c, uniq_terence, uniq_jessica,
          uniq_sigmund

Skill      XL: |  1  2  3  4  5 |
---------------+----------------+-----
Long Blades    | 3 4 |  4.1
Dodging        | 4 |  4.3
Stealth        | 3 |  3.3
Armour         | 1 |  1.3
Fighting       | 3 |  3.0

Action                   |  1- 3 |  4- 6 || total
-------------------------+-------+-------++-------
Melee: Falchion          |   100 |   172 ||   272
  Use: Potion            |     3 |     2 ||     5
       Scroll            |     2 |     5 ||     7
 Stab: Sleeping          |     5 |     3 ||     8
Armor: Robe              |     5 |       ||     5
       Leather armour    |     8 |    52 ||    60
Dodge: Dodged            |    76 |   160 ||   236
       Rpst.: Falchion   |    19 |    48 ||    67
